2264 views
Uploaded 2022-04-17 00:03:08
Game version 1.32.10
92:12 long 2on2 ladder game on (4)LostTemple_LV
Saved by Cabeelibob
2264 views
Uploaded 2022-04-17 00:03:08
Game version 1.32.10
92:12 long 2on2 ladder game on (4)LostTemple_LV


80 units @ 7.3k
/ 0.8k
117 buildings @ 8.2k
/ 3.9k
Cabeelibob
(194)
(92:10) : 
| Ivory Tower | 2 | 80 |
| Boots of Speed | 2 | 500 |
| total: | 4 | 580g |
| Peasant | 33 | 2475 | / | 0 |
| Dragonhawk Rider | 5 | 1000 | / | 150 |
| total: | 38 | 3475g | / | 150w |
| Scout Tower | 32 | 960 | / | 640 |
| Arcane Tower | 2 | 140 | / | 100 |
| Guard Tower | 18 | 1260 | / | 900 |
| Altar of Kings | 2 | 360 | / | 100 |
| Farm | 7 | 560 | / | 140 |
| Lumber Mill | 3 | 360 | / | 0 |
| Arcane Vault | 1 | 130 | / | 30 |
| Town Hall | 4 | 1540 | / | 820 |
| Gryphon Aviary | 1 | 140 | / | 150 |
| Keep | 1 | 320 | / | 210 |
| Castle | 1 | 360 | / | 210 |
| total: | 50 | 4050g | / | 1880w |
| 0:07 | Altar of Kings |
| 0:08 | Peasant |
| 0:11 | Farm |
| 0:12 | Peasant |
| 0:17 | Peasant |
| 0:28 | Peasant |
| 0:42 | Peasant |
| 0:48 | Farm |
| 0:50 | Farm |
| 0:52 | Peasant |
| 1:03 | Lumber Mill |
| 1:05 | Peasant |
| 1:14 | Scout Tower |
| 1:17 | Peasant |
| 1:42 | Peasant |
| 1:46 | Farm |
| 1:55 | Peasant |
| 1:57 | Arcane Tower |
| 2:04 | Scout Tower |
| 2:08 | Storm Bolt |
| 2:27 | Peasant |
| 2:27 | Peasant |
| 2:29 | Improved Lumber Harvesting |
| 2:30 | Improved Masonry |
| 2:45 | Peasant |
| 2:53 | Guard Tower |
| 3:04 | Scout Tower |
| 3:04 | Scout Tower |
| 3:05 | Scout Tower |
| 3:05 | Scout Tower |
| 3:20 | Peasant |
| 3:25 | Peasant |
| 3:36 | Guard Tower |
| 3:37 | Guard Tower |
| 3:45 | Guard Tower |
| 3:52 | Guard Tower |
| 3:55 | Scout Tower |
| 3:57 | Scout Tower |
| 3:57 | Scout Tower |
| 3:58 | Scout Tower |
| 4:28 | Keep |
| 4:34 | Scout Tower |
| 4:35 | Scout Tower |
| 4:36 | Scout Tower |
| 4:37 | Scout Tower |
| 4:42 | Guard Tower |
| 5:43 | Scout Tower |
| 5:44 | Scout Tower |
| 5:44 | Scout Tower |
| 5:50 | Scout Tower |
| 6:07 | Guard Tower |
| 6:30 | Guard Tower |
| 6:46 | Lumber Mill |
| 7:39 | Peasant |
| 7:39 | Peasant |
| 7:39 | Peasant |
| 7:39 | Peasant |
| 7:39 | Peasant |
| 7:56 | Peasant |
| 8:39 | Peasant |
| 8:42 | Advanced Masonry |
| 8:51 | Scout Tower |
| 9:02 | Peasant |
| 9:06 | Scout Tower |
| 9:08 | Guard Tower |
| 9:24 | Guard Tower |
| 9:26 | Scout Tower |
| 9:33 | Peasant |
| 9:33 | Peasant |
| 9:41 | Guard Tower |
| 9:47 | Peasant |
| 9:47 | Peasant |
| 10:26 | Peasant |
| 10:29 | Guard Tower |
| 10:50 | Gryphon Aviary |
| 10:54 | Arcane Vault |
| 11:08 | Peasant |
| 11:23 | Castle |
| 11:36 | Scout Tower |
| 11:36 | Scout Tower |
| 11:37 | Scout Tower |
| 12:14 | Farm |
| 12:31 | Arcane Tower |
| 13:00 | Guard Tower |
| 13:01 | Scout Tower |
| 13:10 | Scout Tower |
| 13:11 | Scout Tower |
| 13:13 | Scout Tower |
| 13:15 | Scout Tower |
| 13:15 | Scout Tower |
| 13:16 | Scout Tower |
| 13:17 | Scout Tower |
| 13:30 | Guard Tower |
| 13:45 | Cloud |
| 13:51 | Guard Tower |
| 14:21 | Guard Tower |
| 14:25 | Dragonhawk Rider |
| 14:25 | Dragonhawk Rider |
| 14:39 | Guard Tower |
| 15:04 | Lumber Mill |
| 15:15 | Imbued Masonry |
| 16:25 | Guard Tower |
| 21:45 | Town Hall |
| 21:49 | Town Hall |
| 24:02 | Farm |
| 24:04 | Farm |
| 24:20 | Town Hall |
| 25:16 | Dragonhawk Rider |
| 27:40 | Town Hall |
| 28:34 | Dragonhawk Rider |
| 29:21 | Dragonhawk Rider |
| 34:38 | Peasant |
| 34:38 | Peasant |
| 34:38 | Peasant |
| 34:38 | Peasant |
| 46:46 | Boots of Speed |
| 46:46 | Boots of Speed |
| 51:23 | Ivory Tower |
| 51:23 | Ivory Tower |
| 65:26 | Altar of Kings |
| Right click | 3114 |
| Select group | 1817 |
| Select | 506 |
| Misc. action | 137 |
| Build/train/purchase | 124 |
| Use ability | 46 |
| Resource trade | 41 |
| Chat | 17 |
| Assign group | 15 |
| Minimap ping | 5 |
| Remove unit | 3 |
| Esc | 1 |


| Orb of Fire | 3 | 975 |
| Staff of Sanctuary | 1 | 250 |
| Boots of Speed | 2 | 500 |
| total: | 6 | 1725g |
| Peasant | 26 | 1950 | / | 0 |
| Mortar Team | 3 | 540 | / | 210 |
| Flying Machine | 13 | 1300 | / | 390 |
| total: | 42 | 3790g | / | 600w |
| Scout Tower | 41 | 1230 | / | 820 |
| Arcane Tower | 4 | 280 | / | 200 |
| Guard Tower | 8 | 560 | / | 400 |
| Altar of Kings | 2 | 360 | / | 100 |
| Farm | 17 | 1360 | / | 340 |
| Lumber Mill | 1 | 120 | / | 0 |
| Town Hall | 1 | 385 | / | 205 |
| Blacksmith | 1 | 140 | / | 60 |
| Arcane Vault | 1 | 130 | / | 30 |
| Cannon Tower | 4 | 480 | / | 400 |
| Workshop | 3 | 420 | / | 420 |
| Keep | 1 | 320 | / | 210 |
| Castle | 1 | 360 | / | 210 |
| total: | 67 | 4145g | / | 1975w |
| 0:03 | Peasant |
| 0:08 | Peasant |
| 0:19 | Altar of Kings |
| 0:32 | Peasant |
| 0:34 | Farm |
| 0:49 | Lumber Mill |
| 0:51 | Peasant |
| 1:03 | Farm |
| 1:09 | Scout Tower |
| 1:12 | Peasant |
| 1:12 | Peasant |
| 1:30 | Peasant |
| 1:43 | Peasant |
| 1:48 | Farm |
| 1:53 | Arcane Tower |
| 1:57 | Peasant |
| 1:59 | Improved Lumber Harvesting |
| 2:18 | Storm Bolt |
| 2:21 | Scout Tower |
| 2:22 | Peasant |
| 3:05 | Peasant |
| 3:05 | Peasant |
| 3:15 | Town Hall |
| 3:20 | Scout Tower |
| 3:20 | Scout Tower |
| 3:23 | Peasant |
| 3:26 | Guard Tower |
| 3:36 | Scout Tower |
| 3:50 | Arcane Tower |
| 3:51 | Scout Tower |
| 4:03 | Scout Tower |
| 4:05 | Arcane Tower |
| 4:10 | Scout Tower |
| 4:13 | Peasant |
| 4:13 | Peasant |
| 4:20 | Arcane Tower |
| 4:25 | Bash |
| 5:42 | Peasant |
| 5:44 | Keep |
| 5:46 | Peasant |
| 5:47 | Scout Tower |
| 5:49 | Scout Tower |
| 5:51 | Scout Tower |
| 5:54 | Guard Tower |
| 5:55 | Scout Tower |
| 5:56 | Scout Tower |
| 5:56 | Scout Tower |
| 6:44 | Scout Tower |
| 6:44 | Scout Tower |
| 6:45 | Scout Tower |
| 6:46 | Peasant |
| 6:57 | Scout Tower |
| 7:43 | Bash |
| 7:44 | Storm Bolt |
| 7:50 | Holy Light |
| 8:00 | Guard Tower |
| 8:02 | Scout Tower |
| 8:05 | Scout Tower |
| 8:05 | Scout Tower |
| 8:16 | Castle |
| 8:18 | Peasant |
| 8:19 | Peasant |
| 8:19 | Peasant |
| 8:19 | Peasant |
| 8:36 | Guard Tower |
| 8:37 | Improved Masonry |
| 8:49 | Peasant |
| 9:22 | Guard Tower |
| 9:23 | Scout Tower |
| 9:23 | Scout Tower |
| 9:24 | Scout Tower |
| 9:25 | Scout Tower |
| 9:27 | Peasant |
| 9:33 | Advanced Lumber Harvesting |
| 9:34 | Peasant |
| 9:42 | Blacksmith |
| 9:49 | Holy Light |
| 9:49 | Holy Light |
| 10:30 | Storm Bolt |
| 10:34 | Advanced Masonry |
| 10:42 | Guard Tower |
| 10:46 | Peasant |
| 10:57 | Workshop |
| 10:57 | Black Gunpowder |
| 11:00 | Workshop |
| 11:04 | Workshop |
| 12:01 | Flak Cannons |
| 12:05 | Flying Machine Bombs |
| 12:20 | Divine Shield |
| 12:27 | Flare |
| 12:47 | Divine Shield |
| 12:54 | Scout Tower |
| 12:54 | Scout Tower |
| 12:55 | Scout Tower |
| 12:56 | Scout Tower |
| 12:57 | Scout Tower |
| 12:58 | Scout Tower |
| 13:03 | Scout Tower |
| 13:04 | Scout Tower |
| 13:04 | Scout Tower |
| 13:05 | Scout Tower |
| 13:06 | Scout Tower |
| 13:06 | Scout Tower |
| 13:08 | Fragmentation Shards |
| 13:10 | Refined Gunpowder |
| 13:21 | Mortar Team |
| 13:28 | Farm |
| 13:29 | Farm |
| 13:30 | Farm |
| 13:31 | Farm |
| 13:31 | Farm |
| 13:31 | Farm |
| 13:35 | Farm |
| 13:35 | Farm |
| 13:40 | Cannon Tower |
| 13:48 | Imbued Masonry |
| 14:13 | Cannon Tower |
| 14:15 | Scout Tower |
| 14:15 | Scout Tower |
| 14:20 | Scout Tower |
| 14:22 | Scout Tower |
| 14:27 | Imbued Gunpowder |
| 14:28 | Iron Plating |
| 15:37 | Flying Machine |
| 15:37 | Flying Machine |
| 15:37 | Flying Machine |
| 15:37 | Flying Machine |
| 15:38 | Flying Machine |
| 15:47 | Cannon Tower |
| 15:50 | Cannon Tower |
| 15:53 | Guard Tower |
| 15:55 | Flying Machine |
| 15:55 | Flying Machine |
| 16:26 | Flying Machine |
| 16:26 | Flying Machine |
| 16:43 | Flying Machine |
| 16:43 | Flying Machine |
| 16:57 | Guard Tower |
| 18:19 | Flying Machine |
| 18:20 | Flying Machine |
| 18:51 | Steel Plating |
| 20:20 | Holy Light |
| 20:53 | Mithril Plating |
| 21:14 | Bash |
| 21:15 | Bash |
| 21:17 | Holy Light |
| 23:49 | Studded Leather Armor |
| 30:47 | Farm |
| 30:48 | Farm |
| 30:48 | Farm |
| 31:17 | Farm |
| 31:18 | Farm |
| 31:19 | Farm |
| 32:26 | Mortar Team |
| 32:27 | Mortar Team |
| 36:48 | Arcane Vault |
| 38:22 | Orb of Fire |
| 38:29 | Staff of Sanctuary |
| 41:00 | Boots of Speed |
| 41:01 | Boots of Speed |
| 42:45 | Orb of Fire |
| 43:15 | Divine Shield |
| 43:54 | Storm Bolt |
| 44:27 | Divine Shield |
| 46:21 | Storm Bolt |
| 52:51 | Altar of Kings |
| 60:58 | Orb of Fire |
| 63:45 | Holy Light |
| 69:22 | Holy Light |
| 84:44 | Avatar |
| Right click | 4231 |
| Select group | 956 |
| Select | 743 |
| Use ability | 262 |
| Misc. action | 161 |
| Build/train/purchase | 146 |
| Minimap ping | 47 |
| Resource trade | 26 |
| Assign group | 7 |
| Item give/drop | 7 |
| Esc | 3 |
136 units @ 21.1k
/ 3.8k
130 buildings @ 15.1k
/ 8.5k

| Lesser Clarity Potion | 5 | 350 |
| Scroll of Regeneration | 10 | 1000 |
| Potion of Healing | 10 | 1500 |
| Potion of Mana | 8 | 1600 |
| Orb of Fire | 1 | 325 |
| Scroll of Town Portal | 17 | 5950 |
| Scroll of Healing | 1 | 250 |
| Boots of Speed | 1 | 250 |
| Potion of Lesser Invulnerability | 2 | 300 |
| total: | 55 | 11525g |
| Peasant | 18 | 1350 | / | 0 |
| Rifleman | 14 | 2870 | / | 420 |
| Spell Breaker | 5 | 1075 | / | 150 |
| Knight | 6 | 1470 | / | 360 |
| Sorceress | 3 | 465 | / | 60 |
| Flying Machine | 7 | 700 | / | 210 |
| Mortar Team | 6 | 1080 | / | 420 |
| Dragonhawk Rider | 5 | 1000 | / | 150 |
| Gryphon Rider | 1 | 280 | / | 70 |
| Siege Engine | 6 | 1170 | / | 360 |
| total: | 71 | 11460g | / | 2200w |
| Scout Tower | 38 | 1140 | / | 760 |
| Guard Tower | 13 | 910 | / | 650 |
| Altar of Kings | 1 | 180 | / | 50 |
| Farm | 11 | 880 | / | 220 |
| Barracks | 2 | 320 | / | 120 |
| Blacksmith | 3 | 420 | / | 180 |
| Arcane Vault | 2 | 260 | / | 60 |
| Lumber Mill | 1 | 120 | / | 0 |
| Town Hall | 5 | 1925 | / | 1025 |
| Arcane Sanctum | 1 | 150 | / | 140 |
| Workshop | 3 | 420 | / | 420 |
| Gryphon Aviary | 1 | 140 | / | 150 |
| Keep | 1 | 320 | / | 210 |
| Castle | 1 | 360 | / | 210 |
| total: | 68 | 5955g | / | 3125w |
| 0:03 | Peasant |
| 0:04 | Peasant |
| 0:04 | Peasant |
| 0:04 | Peasant |
| 0:04 | Peasant |
| 0:20 | Altar of Kings |
| 0:36 | Farm |
| 0:39 | Peasant |
| 0:46 | Peasant |
| 0:54 | Farm |
| 0:54 | Farm |
| 1:02 | Farm |
| 1:04 | Peasant |
| 1:14 | Peasant |
| 1:32 | Barracks |
| 1:36 | Blacksmith |
| 1:37 | Blacksmith |
| 1:48 | Farm |
| 2:03 | Peasant |
| 2:19 | Farm |
| 2:30 | Black Gunpowder |
| 2:34 | Rifleman |
| 2:37 | Storm Bolt |
| 3:01 | Rifleman |
| 3:16 | Arcane Vault |
| 3:18 | Lumber Mill |
| 3:47 | Rifleman |
| 4:03 | Rifleman |
| 4:21 | Bash |
| 4:25 | Improved Lumber Harvesting |
| 4:36 | Scout Tower |
| 4:37 | Scout Tower |
| 4:38 | Scout Tower |
| 4:41 | Scout Tower |
| 4:48 | Rifleman |
| 5:17 | Guard Tower |
| 5:18 | Arcane Vault |
| 5:54 | Town Hall |
| 6:48 | Rifleman |
| 6:54 | Keep |
| 7:39 | Rifleman |
| 7:39 | Rifleman |
| 7:54 | Barracks |
| 8:22 | Peasant |
| 8:29 | Studded Leather Armor |
| 8:32 | Improved Masonry |
| 8:34 | Rifleman |
| 8:37 | Lesser Clarity Potion |
| 8:37 | Lesser Clarity Potion |
| 8:42 | Bash |
| 8:54 | Scout Tower |
| 8:55 | Rifleman |
| 9:04 | Scroll of Regeneration |
| 9:08 | Rifleman |
| 9:17 | Arcane Sanctum |
| 9:23 | Potion of Healing |
| 9:24 | Potion of Mana |
| 9:37 | Long Rifles |
| 9:41 | Advanced Lumber Harvesting |
| 10:17 | Farm |
| 10:20 | Farm |
| 10:20 | Farm |
| 10:25 | Workshop |
| 10:29 | Workshop |
| 10:34 | Workshop |
| 10:55 | Peasant |
| 11:04 | Peasant |
| 11:07 | Peasant |
| 11:15 | Rifleman |
| 11:23 | Peasant |
| 12:11 | Potion of Mana |
| 12:11 | Potion of Healing |
| 12:12 | Scroll of Regeneration |
| 12:16 | Refined Gunpowder |
| 12:18 | Guard Tower |
| 12:21 | Priest Adept Training |
| 12:41 | Castle |
| 13:22 | Storm Bolt |
| 13:32 | Iron Forged Swords |
| 13:35 | Blacksmith |
| 13:48 | Sorceress Adept Training |
| 13:50 | Spell Breaker |
| 14:19 | Spell Breaker |
| 14:22 | Iron Plating |
| 14:38 | Farm |
| 14:39 | Farm |
| 14:47 | Scroll of Regeneration |
| 14:47 | Potion of Healing |
| 14:48 | Potion of Mana |
| 14:48 | Scroll of Town Portal |
| 14:55 | Advanced Masonry |
| 14:59 | Scout Tower |
| 15:00 | Scout Tower |
| 15:02 | Knight |
| 15:05 | Steel Forged Swords |
| 15:23 | Boots of Speed |
| 15:30 | Scroll of Healing |
| 15:34 | Guard Tower |
| 15:44 | Scout Tower |
| 15:46 | Scout Tower |
| 15:46 | Scout Tower |
| 16:23 | Scout Tower |
| 16:25 | Scout Tower |
| 16:26 | Guard Tower |
| 16:28 | Potion of Healing |
| 16:28 | Scroll of Regeneration |
| 16:31 | Orb of Fire |
| 16:47 | Scroll of Town Portal |
| 16:54 | Guard Tower |
| 17:02 | Guard Tower |
| 17:54 | Scroll of Regeneration |
| 17:54 | Lesser Clarity Potion |
| 17:57 | Bash |
| 17:58 | Scroll of Town Portal |
| 17:58 | Potion of Mana |
| 18:19 | Knight |
| 18:25 | Animal War Training |
| 18:28 | Priest Master Training |
| 18:30 | Barrage |
| 18:32 | Fragmentation Shards |
| 18:34 | Imbued Gunpowder |
| 18:36 | Reinforced Leather Armor |
| 19:26 | Scout Tower |
| 19:27 | Scout Tower |
| 19:58 | Rifleman |
| 20:32 | Siege Engine |
| 20:37 | Scout Tower |
| 20:38 | Scout Tower |
| 20:40 | Scout Tower |
| 20:48 | Town Hall |
| 20:54 | Rifleman |
| 20:59 | Scroll of Regeneration |
| 21:04 | Lesser Clarity Potion |
| 21:43 | Potion of Mana |
| 21:56 | Scroll of Town Portal |
| 22:22 | Siege Engine |
| 22:33 | Siege Engine |
| 23:22 | Scroll of Town Portal |
| 23:56 | Scroll of Town Portal |
| 24:36 | Town Hall |
| 25:21 | Scroll of Regeneration |
| 25:26 | Scroll of Town Portal |
| 25:58 | Scroll of Town Portal |
| 26:57 | Siege Engine |
| 26:57 | Siege Engine |
| 27:54 | Siege Engine |
| 28:26 | Scroll of Town Portal |
| 28:26 | Scroll of Town Portal |
| 28:33 | Sorceress |
| 28:33 | Sorceress |
| 28:33 | Sorceress Master Training |
| 29:02 | Scout Tower |
| 29:04 | Scout Tower |
| 29:05 | Scout Tower |
| 29:06 | Scout Tower |
| 29:07 | Scout Tower |
| 29:17 | Scout Tower |
| 29:20 | Scout Tower |
| 29:22 | Scout Tower |
| 30:16 | Guard Tower |
| 30:20 | Scroll of Regeneration |
| 30:23 | Potion of Mana |
| 30:28 | Scroll of Town Portal |
| 33:03 | Scout Tower |
| 33:04 | Scout Tower |
| 33:04 | Scout Tower |
| 33:36 | Guard Tower |
| 34:14 | Scout Tower |
| 34:17 | Scout Tower |
| 37:01 | Scout Tower |
| 37:02 | Guard Tower |
| 37:04 | Scout Tower |
| 37:05 | Scout Tower |
| 37:06 | Scout Tower |
| 37:32 | Guard Tower |
| 37:33 | Scout Tower |
| 37:34 | Scout Tower |
| 37:35 | Guard Tower |
| 37:37 | Scout Tower |
| 37:37 | Scout Tower |
| 38:04 | Guard Tower |
| 38:11 | Town Hall |
| 38:22 | Guard Tower |
| 40:24 | Potion of Healing |
| 40:25 | Scroll of Town Portal |
| 40:27 | Scroll of Regeneration |
| 41:32 | Potion of Healing |
| 41:36 | Scroll of Town Portal |
| 42:33 | Potion of Lesser Invulnerability |
| 42:42 | Scroll of Town Portal |
| 44:22 | Flying Machine |
| 44:31 | Flak Cannons |
| 44:35 | Flying Machine |
| 44:45 | Flying Machine |
| 44:57 | Steel Plating |
| 45:05 | Flying Machine |
| 45:32 | Flying Machine |
| 45:45 | Sorceress |
| 45:51 | Flying Machine Bombs |
| 46:36 | Flying Machine |
| 46:43 | Mithril Plating |
| 49:02 | Knight |
| 49:05 | Flying Machine |
| 49:32 | Knight |
| 50:01 | Peasant |
| 50:22 | Spell Breaker |
| 50:46 | Potion of Healing |
| 51:23 | Spell Breaker |
| 54:59 | Avatar |
| 56:35 | Mortar Team |
| 56:35 | Mortar Team |
| 56:36 | Mortar Team |
| 57:40 | Mortar Team |
| 58:39 | Mortar Team |
| 62:15 | Scroll of Town Portal |
| 62:16 | Scroll of Town Portal |
| 66:06 | Town Hall |
| 68:32 | Mortar Team |
| 69:07 | Potion of Healing |
| 69:09 | Potion of Mana |
| 72:52 | Peasant |
| 72:58 | Potion of Lesser Invulnerability |
| 73:39 | Potion of Healing |
| 73:40 | Potion of Mana |
| 73:42 | Scroll of Regeneration |
| 73:43 | Lesser Clarity Potion |
| 73:43 | Scroll of Town Portal |
| 73:52 | Gryphon Aviary |
| 74:03 | Potion of Healing |
| 74:56 | Peasant |
| 75:57 | Dragonhawk Rider |
| 75:58 | Cloud |
| 75:58 | Gryphon Rider |
| 75:59 | Storm Hammers |
| 76:42 | Dragonhawk Rider |
| 76:45 | Dragonhawk Rider |
| 76:56 | Knight |
| 76:59 | Spell Breaker |
| 77:48 | Dragonhawk Rider |
| 78:50 | Dragonhawk Rider |
| 80:07 | Knight |
| 84:40 | Thunder Clap |
| Right click | 4096 |
| Select group | 2435 |
| Select | 1284 |
| Misc. action | 341 |
| Build/train/purchase | 317 |
| Use ability | 165 |
| Assign group | 121 |
| Minimap ping | 24 |
| Chat | 22 |
| Item give/drop | 7 |
| Remove unit | 6 |



x1)
| Lesser Clarity Potion | 4 | 280 |
| Scroll of Regeneration | 6 | 600 |
| Potion of Healing | 3 | 450 |
| Orb of Fire | 2 | 650 |
| Staff of Sanctuary | 1 | 250 |
| Scroll of Town Portal | 10 | 3500 |
| Staff of Teleportation | 1 | 150 |
| Boots of Speed | 2 | 500 |
| Periapt of Vitality | 2 | 650 |
| Tome of Retraining | 1 | 300 |
| total: | 32 | 7330g |
| Peasant | 18 | 1350 | / | 0 |
| Footman | 14 | 1890 | / | 0 |
| Knight | 4 | 980 | / | 240 |
| Gryphon Rider | 4 | 1120 | / | 280 |
| Siege Engine | 7 | 1365 | / | 420 |
| Rifleman | 5 | 1025 | / | 150 |
| Flying Machine | 9 | 900 | / | 270 |
| Spell Breaker | 3 | 645 | / | 90 |
| Goblin Shredder | 1 | 375 | / | 100 |
| total: | 65 | 9650g | / | 1550w |
| Scout Tower | 14 | 420 | / | 280 |
| Guard Tower | 10 | 700 | / | 500 |
| Altar of Kings | 1 | 180 | / | 50 |
| Barracks | 2 | 320 | / | 120 |
| Farm | 13 | 1040 | / | 260 |
| Town Hall | 11 | 4235 | / | 2255 |
| Arcane Vault | 3 | 390 | / | 90 |
| Lumber Mill | 1 | 120 | / | 0 |
| Blacksmith | 1 | 140 | / | 60 |
| Gryphon Aviary | 2 | 280 | / | 300 |
| Workshop | 11 | 1540 | / | 1540 |
| Arcane Sanctum | 3 | 450 | / | 420 |
| Keep | 3 | 960 | / | 630 |
| Castle | 4 | 1440 | / | 840 |
| total: | 62 | 9115g | / | 5375w |
| 0:03 | Peasant |
| 0:03 | Peasant |
| 0:08 | Altar of Kings |
| 0:20 | Barracks |
| 0:27 | Peasant |
| 0:35 | Farm |
| 0:39 | Peasant |
| 0:55 | Peasant |
| 0:59 | Farm |
| 1:15 | Peasant |
| 1:22 | Footman |
| 1:28 | Peasant |
| 1:38 | Farm |
| 1:41 | Footman |
| 1:41 | Footman |
| 1:54 | Peasant |
| 2:03 | Footman |
| 2:03 | Footman |
| 2:09 | Summon Water Elemental |
| 2:09 | Summon Water Elemental |
| 2:21 | Peasant |
| 2:24 | Footman |
| 2:24 | Footman |
| 2:37 | Peasant |
| 2:41 | Farm |
| 2:49 | Peasant |
| 2:58 | Brilliance Aura |
| 3:08 | Peasant |
| 3:08 | Peasant |
| 3:30 | Footman |
| 3:39 | Peasant |
| 3:50 | Town Hall |
| 3:59 | Peasant |
| 4:01 | Summon Water Elemental |
| 4:08 | Footman |
| 4:22 | Keep |
| 4:38 | Arcane Vault |
| 5:13 | Footman |
| 5:34 | Footman |
| 5:53 | Footman |
| 6:01 | Lesser Clarity Potion |
| 6:01 | Lesser Clarity Potion |
| 6:01 | Lesser Clarity Potion |
| 6:04 | Scroll of Regeneration |
| 6:04 | Scroll of Regeneration |
| 6:04 | Scroll of Regeneration |
| 6:10 | Footman |
| 6:23 | Staff of Teleportation |
| 6:31 | Footman |
| 6:45 | Castle |
| 6:50 | Lumber Mill |
| 7:53 | Barracks |
| 7:57 | Blacksmith |
| 8:08 | Storm Bolt |
| 8:09 | Scroll of Town Portal |
| 8:10 | Potion of Healing |
| 8:10 | Potion of Healing |
| 8:51 | Gryphon Aviary |
| 8:53 | Gryphon Aviary |
| 8:57 | Brilliance Aura |
| 9:28 | Animal War Training |
| 9:51 | Iron Forged Swords |
| 9:51 | Iron Plating |
| 9:54 | Knight |
| 9:57 | Farm |
| 9:57 | Farm |
| 9:57 | Farm |
| 9:58 | Farm |
| 9:58 | Farm |
| 9:58 | Farm |
| 9:59 | Farm |
| 9:59 | Farm |
| 10:12 | Bash |
| 10:25 | Storm Hammers |
| 10:28 | Gryphon Rider |
| 11:02 | Knight |
| 11:30 | Gryphon Rider |
| 11:49 | Goblin Shredder |
| 12:13 | Orb of Fire |
| 12:13 | Staff of Sanctuary |
| 12:18 | Storm Bolt |
| 12:23 | Knight |
| 12:47 | Holy Light |
| 13:01 | Workshop |
| 13:03 | Workshop |
| 13:36 | Workshop |
| 13:37 | Workshop |
| 14:57 | Black Gunpowder |
| 14:58 | Steel Plating |
| 15:05 | Siege Engine |
| 15:07 | Farm |
| 15:58 | Siege Engine |
| 16:27 | Town Hall |
| 17:25 | Refined Gunpowder |
| 18:13 | Summon Water Elemental |
| 18:51 | Knight |
| 19:12 | Divine Shield |
| 21:15 | Town Hall |
| 21:34 | Lesser Clarity Potion |
| 22:15 | Keep |
| 22:43 | Scroll of Town Portal |
| 22:44 | Boots of Speed |
| 23:14 | Rifleman |
| 23:14 | Rifleman |
| 23:15 | Rifleman |
| 23:15 | Rifleman |
| 23:15 | Rifleman |
| 23:26 | Improved Masonry |
| 23:26 | Advanced Masonry |
| 24:38 | Castle |
| 25:22 | Town Hall |
| 25:26 | Imbued Masonry |
| 26:08 | Town Hall |
| 26:14 | Scroll of Town Portal |
| 27:03 | Town Hall |
| 27:44 | Town Hall |
| 27:56 | Long Rifles |
| 28:20 | Scout Tower |
| 28:39 | Workshop |
| 28:39 | Workshop |
| 28:41 | Workshop |
| 29:10 | Barrage |
| 29:11 | Siege Engine |
| 29:11 | Siege Engine |
| 29:21 | Workshop |
| 29:28 | Guard Tower |
| 29:30 | Scout Tower |
| 29:41 | Scout Tower |
| 29:51 | Siege Engine |
| 30:00 | Town Hall |
| 30:05 | Guard Tower |
| 30:06 | Scout Tower |
| 30:10 | Guard Tower |
| 30:11 | Scout Tower |
| 31:03 | Guard Tower |
| 31:04 | Scout Tower |
| 31:09 | Peasant |
| 31:11 | Guard Tower |
| 31:12 | Scout Tower |
| 31:20 | Siege Engine |
| 31:21 | Siege Engine |
| 32:37 | Imbued Gunpowder |
| 32:38 | Mithril Plating |
| 33:46 | Flak Cannons |
| 33:52 | Guard Tower |
| 34:16 | Workshop |
| 34:16 | Workshop |
| 34:18 | Workshop |
| 34:39 | Scroll of Town Portal |
| 34:46 | Orb of Fire |
| 35:16 | Scroll of Town Portal |
| 35:18 | Flying Machine |
| 35:27 | Flying Machine |
| 35:34 | Guard Tower |
| 35:37 | Town Hall |
| 35:55 | Flying Machine |
| 36:13 | Flying Machine |
| 36:47 | Flying Machine |
| 38:07 | Town Hall |
| 40:38 | Peasant |
| 40:38 | Peasant |
| 40:47 | Arcane Vault |
| 42:29 | Scroll of Town Portal |
| 43:26 | Scroll of Regeneration |
| 43:33 | Scroll of Town Portal |
| 44:00 | Arcane Vault |
| 44:12 | Flying Machine |
| 44:24 | Scroll of Town Portal |
| 44:31 | Scout Tower |
| 44:32 | Scout Tower |
| 44:34 | Scout Tower |
| 44:34 | Scout Tower |
| 44:39 | Scout Tower |
| 44:39 | Scout Tower |
| 44:40 | Scout Tower |
| 45:33 | Guard Tower |
| 45:50 | Guard Tower |
| 46:25 | Flying Machine |
| 46:52 | Flying Machine |
| 47:26 | Bash |
| 47:45 | Scroll of Regeneration |
| 47:55 | Scroll of Town Portal |
| 48:39 | Periapt of Vitality |
| 48:39 | Periapt of Vitality |
| 49:51 | Flying Machine |
| 61:26 | Town Hall |
| 65:03 | Mass Teleport |
| 66:28 | Tome of Retraining |
| 66:28 | Retrain Hero |
| 66:28 | Boots of Speed |
| 66:54 | Mass Teleport |
| 66:56 | Blizzard |
| 66:56 | Blizzard |
| 66:56 | Blizzard |
| 66:57 | Brilliance Aura |
| 66:57 | Brilliance Aura |
| 70:01 | Arcane Sanctum |
| 70:02 | Arcane Sanctum |
| 70:05 | Arcane Sanctum |
| 71:36 | Spell Breaker |
| 72:08 | Spell Breaker |
| 72:48 | Spell Breaker |
| 73:27 | Scroll of Regeneration |
| 73:27 | Potion of Healing |
| 73:29 | Scroll of Town Portal |
| 81:21 | Storm Bolt |
| 82:04 | Gryphon Rider |
| 82:12 | Gryphon Rider |
| 82:14 | Storm Bolt |
| Right click | 4082 |
| Select group | 3124 |
| Misc. action | 1588 |
| Select | 860 |
| Build/train/purchase | 378 |
| Assign group | 232 |
| Use ability | 168 |
| Minimap ping | 32 |
| Resource trade | 17 |
| Item give/drop | 15 |
| Esc | 2 |